cohdb
Replays
Latest Replays
All Replays
Popular Replays
Top Player Replays
Match Explorer
How It Works
Community
CoH3 Stats
Reddit
Sign in to upload your games and track your stats! →
Sign in with Steam
Match 42731815
Unlisted
Match 42731815
Overview
Messages
Build Orders
End
Construct Infanterie Kompanie
Kettenkrad Recon Vehicle
Selects Breakthrough Battlegroup
Selects Assault Grenadiers
MG 42 Machine Gun Team
MG 42 Machine Gun Team
Grenadier Squad
Grenadier Squad
Medical Station
Construct Panzergrenadier Kompanie
Selects Breakthrough
Breakthrough
Pak 40 Anti-tank Gun Team
Panzergrenadier Squad
Selects Rapid Production
Panzergrenadier Squad
Selects Mechanized Assault Group
Mechanized Assault Group
Breakthrough
Selects Blitzkrieg
Pak 40 Anti-tank Gun Team
MG 42 Machine Gun Team
MG 42 Machine Gun Team
Breakthrough
Selects Tiger Heavy Tank
Tiger Heavy Tank
Breakthrough
ConcernedApe
badiba
ZyAcroQC
De.Richelieu
0
0
Comments
sign in to comment!
No comments posted yet!